 Dungeon Crawl Stone Soup version 0.16.1-2-g95b8d4c (webtiles) character file.

2937 Ladykiller69 the Blocker (level 10, -2/76 HPs)
             Began as a Formicid Fighter on Mar 25, 2015.
             Killed from afar by an efreet (26 damage)
             ... with a fireball
             ... on level 14 of the Dungeon.
             The game lasted 00:39:58 (8914 turns).

Ladykiller69 the Blocker (Formicid Fighter)         Turns: 8914, Time: 00:39:59

Health: -2/76      AC: 12    Str: 24    XL:     10   Next: 7%
Magic:  13/13      EV:  9    Int:  8    God:
Gold:   373        SH: 11    Dex: 10    Spells: 0 memorised, 9 levels left

rFire  . . .     SeeInvis +     a - +0 war axe
rCold  . . .     Clarity  .     A - +0 chain mail
rNeg   . . .     SustAb   .     c - +0 shield (curse)
rPois  .         Gourm    .     (helmet unavailable)
rElec  .         Spirit   .     (no cloak)
rCorr  .         Warding  .     (no gloves)
rMut   .         Stasis   +     h - +1 pair of boots (curse)
MR     +....                    (no amulet)
Stlth  ..........               (no ring)
                                m - ring of invisibility

@: somewhat resistant to hostile enchantments, extremely unstealthy
A: permanent stasis, dig shafts and tunnels, four strong arms, antennae 3
a: Dig, Shaft Self, Evoke Invisibility


You were on level 14 of the Dungeon.
You were not hungry.

You visited 2 branches of the dungeon, and saw 12 of its levels.
You also visited: Ossuary.

You collected 373 gold pieces.

Inventory:

Hand weapons
 a - a +0 war axe (weapon)
Missiles
 y - 7 javelins (quivered)
 z - 4 throwing nets
Armour
 c - a cursed +0 shield (worn)
 h - a cursed +1 pair of boots (worn)
 A - a +0 chain mail (worn)
Jewellery
 i - an uncursed ring of ice
 m - a ring of invisibility (left hand)
 p - a cursed ring of teleportation {unknown}
 v - an uncursed ring of ice
 w - an uncursed ring of teleport control {unknown}
 B - a +5 ring of intelligence {unknown}
 I - a cursed -2 ring of strength {unknown}
Magical devices
 x - a wand of slowing (30)
Scrolls
 f - 7 scrolls of remove curse
 g - 10 scrolls of identify
 j - 2 scrolls of recharging {unknown}
 k - a scroll of amnesia
 n - 3 scrolls of enchant weapon {unknown}
 o - 2 scrolls of immolation {unknown}
 t - 2 scrolls of enchant armour
 u - a scroll of brand weapon {unknown}
Potions
 b - 2 potions of heal wounds {unknown}
 e - 3 potions of might
 q - 2 potions of berserk rage {unknown}
 r - a potion of restore abilities
 s - 3 potions of brilliance
 C - a potion of curing
 D - a potion of mutation {unknown}
 E - a potion of cure mutation {unknown}
 F - a potion of agility {unknown}
 G - a potion of cancellation {unknown}
Comestibles
 d - 6 bread rations
 l - 3 meat rations


   Skills:
 + Level 6.1 Fighting
 * Level 8.2 Axes
 + Level 5.9 Armour
 + Level 3.8 Dodging
 - Level 9.1 Shields


You had 9 spell levels left.
You didn't know any spells.

Dungeon Overview and Level Annotations

Branches:
Dungeon (15/15)            Temple (1/1) D:5
   Lair: D:8-11         Orc: D:9-12      Vaults: D:13-14     Depths: D:15

Altars:
Ashenzari
Dithmenos
Elyvilon
Fedhas
Gozag
Kikubaaqudgha
Makhleb
Okawaru
Qazlal
Ru
Sif Muna
Trog
Vehumet
Yredelemnul
Zin
The Shining One

Shops:
D:4 *

Annotations:
D:4 Zigurun's ghost, average TrHu
D:7 Prince Ribbit; dxcTest1's ghost, experienced TrTm
D:8 Grum
D:11 Nergalle


Innate Abilities, Weirdness & Mutations

You are under a permanent stasis effect.
You can dig through walls and to a lower floor.
Your four strong arms can wield two-handed weapons with a shield.
You have a pair of large antennae on your head (SInv).


Message History

You hit the efreet.
The efreet is lightly wounded.
The efreet barely misses you.
You hit the efreet but do no damage.
The efreet is lightly wounded.
The efreet gestures at you.
The fireball explodes!
The fireball engulfs you!
The fireball engulfs the efreet.
The efreet completely resists.
You hit the efreet but do no damage.
The efreet is lightly wounded.
The efreet gestures at you. The bolt of fire hits you!
An iguana comes into view.
Use which ability? (? or * to list) Are you sure you want to shaft yourself?
You feel somewhat more hungry. The efreet barely misses you.
You begin to dig a shaft.
You continue digging a shaft.
The efreet gestures at you.
The fireball explodes!
The fireball engulfs you!
You die...

.# ###.# #######. ####
#...# #......T.
....###...# #.........
..........#####......l..
........................
≈≈...............R.......
≈≈≈......####.##@........
♣≈≈..#...#...............
≈≈≈..#...#.....#.........
≈≈...♣##.'.....#.......##
....♣♣ ###.....#.......#
...♣♣ #.....#.......#
..♣♣ ##.....#....####
...♣♣ #......#....#
....♣♣ #.....##....#


You could see a troll, an efreet and an iguana.

Vanquished Creatures
  A spriggan (D:7)
  A hungry ghost (D:14)
  A wolf (D:8)
  A black bear (D:6)
  A sky beast (D:6)
  A centaur (D:6)
  An ogre (D:7)
  2 giant frogs (D:6)
  13 scorpions
  3 killer bees (D:8)
  3 crimson imps
  2 jellies (D:5)
  A giant frog zombie (D:7)
  2 human zombies (Ossuary)
  2 orc priests
  2 hounds
  3 centaur skeletons
  2 centaur zombies (Ossuary)
  2 orc wizards
  10 worker ants
  Ijyb (D:2)
  2 big kobold zombies (Ossuary)
  A hound zombie (D:7)
  A hound skeleton (D:5)
  2 mummies (Ossuary)
  9 gnolls
  6 scorpion zombies (Ossuary)
  7 adders
  A giant mite (D:6)
  A worm (D:4)
  An adder skeleton (D:4)
  4 oozes
  19 orcs
  3 ball pythons
  14 bats
  2 bat skeletons
  4 giant cockroaches
  3 gnoll zombies (Ossuary)
  15 hobgoblins
  8 jackals
  3 quokkas
  7 giant geckos
  A giant newt (D:1)
  11 goblins
  2 goblin zombies (Ossuary)
  4 hobgoblin zombies (Ossuary)
  14 kobolds
  A kobold zombie (Ossuary)
  An orc zombie (Ossuary)
  8 rats
  10 ballistomycetes (D:6)
220 creatures vanquished.

Vanquished Creatures (others)
  A mummy (Ossuary)
  An adder (D:6)
  A giant spore (D:6)
3 creatures vanquished.

Grand Total: 223 creatures vanquished

Notes
Turn   | Place    | Note
--------------------------------------------------------------
     0 | D:1      | Ladykiller69, the Formicid Fighter, began the quest for the Orb.
     0 | D:1      | Reached XP level 1. HP: 18/18 MP: 1/1
   183 | D:1      | Reached XP level 2. HP: 22/24 MP: 3/3
   556 | D:1      | Reached skill level 4 in Shields
   624 | D:1      | Reached XP level 3. HP: 29/29 MP: 4/4
   843 | D:2      | Noticed Ijyb
   890 | D:2      | Killed Ijyb
   890 | D:2      | Reached XP level 4. HP: 18/36 MP: 5/5
  1173 | D:2      | Found an iron altar of Okawaru.
  1173 | D:2      | Found a glowing golden altar of the Shining One.
  1175 | D:2      | Found a basalt altar of Yredelemnul.
  1177 | D:2      | Found a blossoming altar of Fedhas.
  1178 | D:2      | Found a sacrificial altar of Ru.
  1647 | D:2      | Found an opulent altar of Gozag.
  1969 | D:3      | Reached skill level 5 in Shields
  1969 | D:3      | Reached XP level 5. HP: 42/42 MP: 7/7
  2253 | D:4      | Reached XP level 6. HP: 38/48 MP: 8/8
  2320 | D:4      | Reached skill level 6 in Shields
  2463 | D:5      | Entered Level 5 of the Dungeon
  2692 | D:5      | Found a sand-covered staircase.
  2697 | Ossuary  | Entered an ossuary
  2781 | Ossuary  | Reached skill level 7 in Shields
  2781 | Ossuary  | Reached XP level 7. HP: 37/54 MP: 9/9
  3081 | Ossuary  | Reached skill level 8 in Shields
  3195 | Ossuary  | Reached XP level 8. HP: 12/60 MP: 11/11
  3493 | Ossuary  | Reached skill level 5 in Axes
  3510 | Ossuary  | HP: 3/60 [poisoned by a scorpion]
  3516 | Ossuary  | HP: 2/60 [poisoned by a scorpion]
  3524 | Ossuary  | HP: 2/60 [poisoned by a scorpion]
  3879 | Ossuary  | Reached skill level 9 in Shields
  4338 | D:4      | Found Cuiraut's Elemental Accessories.
  4362 | D:4      | Noticed Zigurun's ghost (average TrHu)
  4519 | D:4      | Reached skill level 1 in Dodging
  5180 | D:5      | Found a runed door.
  5511 | D:5      | Found a staircase to the Ecumenical Temple.
  5762 | D:6      | Reached XP level 9. HP: 64/66 MP: 12/12
  5918 | D:6      | Reached skill level 5 in Fighting
  6063 | D:6      | Reached skill level 5 in Armour
  6113 | Temple   | Entered the Ecumenical Temple
  6714 | D:7      | Noticed dxcTest1's ghost (experienced TrTm)
  6957 | D:7      | Found a shadowy altar of Dithmenos.
  6959 | D:7      | Found a burning altar of Makhleb.
  7410 | D:7      | Noticed Prince Ribbit
  7836 | D:8      | Noticed Grum
  8040 | D:8      | Found a shattered altar of Ashenzari.
  8423 | D:8      | Reached XP level 10. HP: 47/76 MP: 13/13
  8461 | D:8      | HP: 3/76 [orc warrior/scimitar (2)]
  8463 | D:8      | You fall through a shaft for 3 floors!
  8463 | D:11     | Noticed Nergalle
  8472 | D:11     | Noticed a spectral orc warlord
  8480 | D:11     | You fall through a shaft for 3 floors!
  8480 | D:14     | Found a white marble altar of Elyvilon.
  8686 | D:15     | Entered Level 15 of the Dungeon
  8855 | D:15     | Noticed an ogre mage
  8855 | D:15     | Noticed a brown ugly thing
  8855 | D:15     | Noticed a brown ugly thing
  8855 | D:15     | Noticed a brown ugly thing
  8855 | D:15     | Noticed a brown ugly thing
  8914 | D:14     | Killed from afar by an efreet

Action                   |  1- 3 |  4- 6 |  7- 9 | 10-12 || total
-------------------------+-------+-------+-------+-------++-------
Melee: War axe           |   146 |   202 |   700 |    43 ||  1091
Throw: Javelin           |       |       |     2 |       ||     2
 Abil: Dig               |     2 |     3 |    18 |     5 ||    28
       Shaft Self        |       |       |       |     3 ||     3
  Use: Scroll            |       |     7 |       |       ||     7
       Potion            |       |     4 |     4 |     1 ||     9
  Eat: Chunk             |       |     7 |    16 |       ||    23
       Pizza             |       |       |     1 |       ||     1
       Fruit             |       |       |     3 |       ||     3
       Bread ration      |       |       |       |     2 ||     2
